 Dungeon Crawl Stone Soup version 0.31-a0-164-g2312942fda (webtiles) character file.

Game seed: 9599238511491240443

3909 ragingrage the Basher (level 10, 0/44 HPs)
             Began as a Vine Stalker Wanderer on June 13, 2023.
             Was a Follower of Kikubaaqudgha.
             Slain by a wolf (2 damage)
             ... in a bailey.
             The game lasted 00:11:59 (6948 turns).

ragingrage the Basher (Vine Stalker Wanderer)       Turns: 6948, Time: 00:12:00

Health: 0/44       AC:  9    Str: 18    XL:     10   Next: 20%
Magic:  0/11       EV:  6    Int: 11    God:    Kikubaaqudgha [*.....]
Gold:   493        SH:  0    Dex: 16    Spells: 9/9 levels left

rFire   . . .        a - +3 demon whip (pain)
rCold   + . .        (no shield)
rNeg    . . .        s - +0 troll leather armour {Pargi}
rPois   .            l - +2 helmet
rElec   .            x - +0 cloak
rCorr   .            r - +0 pair of gloves
SInv    .            (no boots)
Will    +....        (no amulet)
Stlth   ++           G - ring of protection from cold
HPRegen 1.87/turn    (no ring)
MPRegen 0.12/turn

%: guardian spirit
@: held
A: fangs 3, regeneration 1, magic shield, antimagic bite, no potion heal 2
a: Renounce Religion, Unearth Wretches


You were in a bailey.
You worshipped Kikubaaqudgha.
Kikubaaqudgha was aware of your devotion.
You visited 2 branches of the dungeon, and saw 8 of its levels.
You also visited: Sewer and Bailey.

You collected 493 gold pieces.

Inventory:

Hand Weapons
 a - a +3 demon whip of pain (weapon)
 b - a +2 dagger
Missiles
 f - 6 boomerangs
 m - a curare-tipped dart
 t - 10 poisoned darts (quivered)
 D - 3 throwing nets
Armour
 l - a +2 helmet (worn)
 r - a +0 pair of gloves (worn)
 s - a +0 troll leather armour (worn) {Pargi}
 x - a +0 cloak (worn)
 E - a +3 leather armour of positive energy
Jewellery
 G - a ring of protection from cold (left hand)
Wands
 y - a wand of digging (1)
 H - a wand of roots (6)
 I - a wand of light (11)
Scrolls
 d - 2 scrolls of vulnerability
 e - 3 scrolls of fear
 g - a scroll of torment {unknown}
 h - 3 scrolls of poison
 k - 4 scrolls of teleportation
 n - a scroll of enchant armour {unknown}
 p - a scroll of blinking {unknown}
 u - a scroll of revelation {unknown}
 A - a scroll of summoning {unknown}
 C - 2 scrolls of fog {unknown}
Potions
 c - 2 potions of curing {unknown}
 i - 2 potions of heal wounds {unknown}
 j - 2 potions of resistance {unknown}
 o - a potion of mutation {unknown}
 q - 3 potions of berserk rage {unknown}
 v - 2 potions of cancellation {unknown}
 w - 2 potions of haste {unknown}
 z - a potion of might
 B - a potion of brilliance {unknown}
 F - a potion of magic {unknown}


   Skills:
 - Level 5.6 Short Blades
 - Level 3.6(7.3) Axes
 * Level 9.9(10.2) Maces & Flails
 - Level 4.6 Throwing
 - Level 1.2 Dodging
 - Level 3.0 Stealth
 + Level 6.2 Necromancy


You had 9 spell levels left.
You didn't know any spells.
Your spell library contained the following spells:

 Spells                   Type           Power      Damage    Failure   Level
 Necrotise                Necr           52%        1d6       3%          1
 Kiss of Death            Conj/Necr      24%        2d7       12%         1
 Cigotuvi's Dreadful Rot  Necr/Pois/Air  8%         N/A       26%         2
 Animate Dead             Necr           13%        N/A       32%         4
 Blink                    Tloc           0%         N/A       54%         2
 Lesser Beckoning         Tloc           0%         N/A       54%         2
 Momentum Strike          Conj/Tloc      0%         3d8       54%         2
 Haunt                    Necr/Summ      3%         N/A       100%        7
 Infestation              Necr           6%         N/A       100%        8


Dungeon Overview and Level Annotations

Branches:
Dungeon (7/15)             Temple (1/1) D:6           Sewer (visited)
 Bailey (1/1)

Altars:
Ashenzari
Cheibriados
Dithmenos
Elyvilon
Kikubaaqudgha
Nemelex Xobeh
Qazlal
Ru
Sif Muna
Trog
Uskayaw
Vehumet
Wu Jian
Yredelemnul
Zin
The Shining One

Shops:
D:2 :

Annotations:
D:3 1 runed translucent door, nicknak712's ghost, amateur DsFi


Innate Abilities, Weirdness & Mutations

You have razor-sharp teeth.
Your natural rate of healing is unusually fast.
When hurt, damage is shared between your health and your magic reserves.
Your bite disrupts and absorbs the magic of your enemies.
Potions cannot restore your health.


Message History

Aiming: Fastroot
Press: ? - help, Shift-Dir - straight line, f - wolf
Aim: a wolf The roots erupt in riotous growth!
Roots grab the wolf.
Roots grab the gnoll.
Roots grab the gnoll sergeant. x2
The grasping roots constrict the gnoll sergeant.
The grasping roots constrict the gnoll, but do no damage.
The grasping roots constrict the gnoll sergeant.
The grasping roots constrict the wolf.
You hear a shout!
The wolf bites you!
The gnoll sergeant hits you from afar with a +0 glaive.
The gnoll hits you but does no damage.
The gnoll bouda calls upon its god to heal the gnoll sergeant.
The gnoll sergeant's wounds heal themselves!
The gnoll sergeant hits you but does no damage.
A gnoll sergeant comes into view. It is wielding a +0 glaive.
The wolf bites you.
You tear a large gash into the net.
The grasping roots constrict the gnoll sergeant.
The grasping roots constrict the gnoll.
The grasping roots constrict the gnoll sergeant.
The grasping roots constrict the wolf!
The roots release their grip on the gnoll sergeant. x2
The roots release their grip on the wolf.
The gnoll sergeant hits you from afar with a +0 glaive!
The wolf bites you but does no damage.
The gnoll hits you from afar with a +0 halberd.
The gnoll sergeant hits you from afar with a +0 glaive.
You struggle against the net.
The grasping roots constrict the gnoll.
The roots release their grip on the gnoll.
The wolf bites you!
* * * LOW HITPOINT WARNING * * *
The gnoll sergeant hits you from afar with a +0 glaive.
* * * LOW HITPOINT WARNING * * *
The gnoll hits you from afar with a +0 halberd.
* * * LOW HITPOINT WARNING * * *
The wolf bites you.
You die...
Kikubaaqudgha rasps: "You have failed me!
Welcome... death!"

####### ..≈ ##.8.....
#.. ♣≈ ##(....... #..
♣≈. #.....g. #.. ♣≈.
#.g.gg##### #..
♣≈..#).hg##...## #..
♣≈..##@###.....######..
♣≈.....)#.......#...'..
♣≈....))'...8...'.).'..
♣≈.....(#.......#.).'..
♣≈..##)###.....######..
♣≈..#))..##...## #..
♣≈. #.....##### #.. ♣≈.
#.......+ #.. ♣≈
##......# #..


You could see 3 gnoll sergeants, a wolf, a gnoll bouda and a gnoll (swift).

Vanquished Creatures
  Pikel (D:6)
  Sigmund (D:4)
  A wyvern (D:7)
  A steam dragon (D:7)
  Duvessa (D:6)
  A water moccasin (D:6)
  3 black bears
  2 sky beasts
  Pargi (Sewer)
  An ice beast (D:7)
  A wolf (Bailey)
  An ogre (D:4)
  3 lemures (D:6)
  Blork the orc (D:4)
  2 bullfrogs
  3 gnoll sergeants (Bailey)
  2 scorpions (D:5)
  5 wights (D:5)
  Dowan (D:6)
  3 jellies
  3 hounds
  7 orc priests
  2 gnoll boudas (Bailey)
  2 iguanas (D:5)
  Terence (D:2)
  Natasha (twice) (D:2)
  5 orc wizards
  A mummy (D:4)
  31 gnolls
  7 adders
  3 ufetubi
  2 worms
  2 dart slugs
  19 orcs
  9 endoplasms
  A giant cockroach (D:2)
  11 goblins
  7 hobgoblins
  2 jackals (D:1)
  5 quokkas
  6 ball pythons
  4 bats
  9 frilled lizards
  40 kobolds
  10 rats
226 creatures vanquished.

Vanquished Creatures (others)
  An orc wizard (D:4)
1 creature vanquished.

Grand Total: 227 creatures vanquished

Notes
Turn   | Place    | Note
-------+----------+-------------------------------------------
     0 | D:1      | ragingrage the Vine Stalker Wanderer began the quest for
                  | the Orb.
     0 | D:1      | ragingrage set off with the following items: a +2 dagger, a
                  | curare-tipped dart, a +0 hand axe, a scroll of
                  | vulnerability, a scroll of fear, a +0 leather armour.
     0 | D:1      | Reached XP level 1. HP: 9/9 MP: 2/2
   179 | D:1      | Reached XP level 2. HP: 9/13 MP: 3/3
   183 | D:1      | Reached skill level 1 in Short Blades
   726 | D:1      | Reached XP level 3. HP: 14/16 MP: 4/4
  1226 | D:2      | Found Yduogom's Book Emporium.
  1329 | D:2      | Noticed Terence
  1515 | D:2      | Noticed Natasha
  1525 | D:2      | Killed Natasha
  1526 | D:2      | Gained mutation: Your natural rate of healing is unusually
                  | fast. [Vine Stalker growth]
  1526 | D:2      | Reached XP level 4. HP: 20/21 MP: 1/5
  1624 | D:2      | Noticed Natasha
  1632 | D:2      | Killed Natasha
  1773 | D:3      | Found a runed translucent door.
  1814 | D:3      | Noticed nicknak712's ghost (amateur DsFi)
  1852 | D:3      | Reached XP level 5. HP: 24/24 MP: 6/6
  2393 | D:3      | Reached skill level 1 in Stealth
  2519 | D:3      | Reached XP level 6. HP: 28/28 MP: 5/7
  2704 | D:2      | Killed Terence
  2880 | D:3      | Reached skill level 5 in Short Blades
  3818 | D:4      | Reached XP level 7. HP: 32/32 MP: 8/8
  3845 | D:4      | Reached skill level 1 in Necromancy
  3852 | D:4      | Reached skill level 1 in Maces & Flails
  3942 | D:4      | Noticed Sigmund
  3942 | D:4      | Noticed Blork the orc
  3962 | D:4      | Killed Sigmund
  3963 | D:4      | Reached skill level 2 in Maces & Flails
  3975 | D:4      | Killed Blork the orc
  4077 | D:4      | Reached skill level 3 in Maces & Flails
  4245 | D:4      | Found a snail-covered altar of Cheibriados.
  4302 | D:5      | Entered Level 5 of the Dungeon
  4307 | D:4      | Gained mutation: You have razor-sharp teeth. [Vine Stalker
                  | growth]
  4307 | D:4      | Reached XP level 8. HP: 36/36 MP: 7/9
  4502 | D:5      | Reached skill level 4 in Maces & Flails
  4574 | D:5      | Reached skill level 5 in Maces & Flails
  4802 | D:5      | Reached skill level 6 in Maces & Flails
  5203 | D:6      | Found a glowing drain.
  5307 | Sewer    | Entered a sewer
  5324 | Sewer    | Noticed Pargi
  5339 | Sewer    | Killed Pargi
  5340 | Sewer    | Reached XP level 9. HP: 39/39 MP: 10/10
  5523 | D:6      | Reached skill level 7 in Maces & Flails
  5634 | D:6      | Found a staircase to the Ecumenical Temple.
  5634 | D:6      | Noticed Pikel
  5702 | D:6      | Noticed Duvessa
  5738 | D:6      | Noticed Dowan
  5741 | D:6      | Killed Duvessa
  5744 | D:6      | Killed Dowan
  5853 | D:6      | Killed Pikel
  5854 | D:6      | Reached skill level 8 in Maces & Flails
  5875 | Temple   | Entered the Ecumenical Temple
  5875 | Temple   | Found a transporter.
  5875 | Temple   | Found a transporter.
  5877 | Temple   | Found a transporter.
  5877 | Temple   | Found a transporter.
  5925 | Temple   | Became a worshipper of Kikubaaqudgha
  6075 | D:6      | Found a sparkling altar of Nemelex Xobeh.
  6204 | D:6      | Reached skill level 9 in Maces & Flails
  6205 | D:6      | Found a shadowy altar of Dithmenos.
  6323 | D:7      | Reached skill level 5 in Necromancy
  6479 | D:7      | Reached XP level 10. HP: 41/44 MP: 8/11
  6481 | D:7      | Reached * piety under Kikubaaqudgha
  6481 | D:7      | Received a gift from Kikubaaqudgha
  6511 | D:7      | Found a flagged portal.
  6563 | Bailey   | Entered a bailey
  6948 | Bailey   | HP: 2/44 [gnoll/+0 halberd (3)]
  6948 | Bailey   | Slain by a wolf

Illustrated notes

Levels and vault maps discovered:
D:1:      amcnicky_arrival_abandoned_market, layout_basic
D:2:      layout_basic, serial_shops, shop, minmay_tromino_v4_b, uniq_terence,
          uniq_natasha
D:3:      minmay_goblin_kobold_castle, layout_basic,
          hellmonk_ghost_happy_afterlife
D:4:      layout_cave_pools, slow_altar_2, uniq_sigmund, uniq_blork_the_orc
D:5:      layout_loops_ring
D:6:      layout_loops_ring, nemelex_xobeh_ov_fountains_minmay,
          nicolae_overflow_hidden_temple, minmay_temple_entry_glass,
          cheibrodos_sewer_entry_drain, minmay_misc_feat_encased,
          serial_bayou_pond_e, uniq_duvessa, uniq_pikel
D:7:      layout_basic, serial_shops, nicolae_shop_gaudy_bauble, enter_bailey_5,
          minmay_circle_x
Temple:   hellmonk_temple_divided_pantheon
Bailey:   bailey_polearm_gnolls_kennysheep, bailey

Skill      XL: |  1  2  3  4  5  6  7  8  9 10 |
---------------+-------------------------------+-----
Short Blades   | 2 3 4 5 |  5.6
Stealth        | 2 3 |  3.0
Necromancy     | 3 4 5 6 |  6.2
Maces & Flails | 3 6 9 |  9.9
Axes           | |  3.6
Throwing       | |  4.6
Dodging        | |  1.2

Action                     |  1- 3 |  4- 6 |  7- 9 | 10-12 || total
---------------------------+-------+-------+-------+-------++-------
  Melee: Dagger            |   109 |    17 |       |       ||   126
         Bite              |    22 |    77 |    65 |    23 ||   187
         Rapier            |       |   227 |       |       ||   227
         Demon whip        |       |     2 |   258 |    75 ||   335
         Punch             |       |     1 |     1 |       ||     2
  Throw: Dart              |       |     2 |       |     7 ||     9
         Boomerang         |       |       |       |     3 ||     3
  Evoke: Wand              |       |       |       |     1 ||     1
    Use: Scroll            |       |     2 |     3 |       ||     5
   Stab: Sleeping          |       |       |     1 |       ||     1
 Armour: Leather armour    |    29 |    62 |       |       ||    91
         Ring mail         |       |    37 |    67 |       ||   104
         Troll leather arm |       |       |    38 |    27 ||    65
         Skin              |       |       |     1 |       ||     1
  Dodge: Dodged            |    44 |   142 |   103 |    43 ||   332

Table legend: (Time is in decaauts)
 A = Elapsed time spent in this place.
 B = Non-inter-level travel time spent in this place.
 C = Inter-level travel time spent in this place.
 D = Time resting spent in this place.
 E = Time spent auto-exploring this place.
 F = Levels seen in this place.
 G = Mean time per level.
                   A        B        C        D        E       F      G
               +--------+--------+--------+--------+--------+-----+--------+
         Total |   6902 |   6444 |    458 |    674 |   3875 |  10 |  690.2 |
       Dungeon |   6261 |   5813 |    448 |    480 |   3708 |   7 |  894.4 |
        Temple |     63 |     53 |     10 |      0 |      6 |   1 |   63.0 |
         Sewer |    216 |    216 |      0 |      0 |    129 |   1 |  216.0 |
        Bailey |    361 |    361 |      0 |    194 |     31 |   1 |  361.0 |
               +--------+--------+--------+--------+--------+-----+--------+

Top non-repeatable levels by time:
     D:3: 1819 daAuts
     D:1: 1309 daAuts
     D:5: 837 daAuts
     D:6: 756 daAuts
     D:4: 703 daAuts
     D:2: 531 daAuts
  Bailey: 361 daAuts
     D:7: 303 daAuts
   Sewer: 216 daAuts
  Temple: 63 daAuts
